3AA
LAKE MINNETONKA LOVE BOATS @ SQUIRREL HILL PIEROGIS
08/23/2042
 
TOP OF THE 1ST
Lake Minnetonka Love Boats batting - Pitching for Squirrel Hill Pierogis : LHP Fernando Alou
Pitching: LHP Fernando Alou
Batting: RHB Mark Bakker 0-0: Called Strike
0-1: Fly out, F4 (Popup, 4, EV 73.8 MPH)
Batting: RHB Hamid Rutu 0-0: Ground out 6-3 (Groundball, 6, EV 95.6 MPH)
Batting: RHB Eisse van Barneveld 0-0: Swinging Strike
0-1: Foul Ball, location: 2F
0-2: Ball
1-2: Strikes out swinging
Top of the 1st over - 0 runs, 0 hits, 0 errors, 0 left on base; Lake Minnetonka 0 - Squirrel Hill 0
BOTTOM OF THE 1ST
Squirrel Hill Pierogis batting - Pitching for Lake Minnetonka Love Boats : RHP Jonathan Klein
Pitching: RHP Jonathan Klein
Batting: LHB Luis Escribano 0-0: Called Strike
0-1: Foul Ball, location: 2F
0-2: Ball
1-2: Ball
2-2: Ball
3-2: Strikes out swinging
Batting: SHB Aubrey Magee 0-0: Ball
1-0: Ball
2-0: Called Strike
2-1: Ball
3-1: Base on Balls
Batting: RHB Franck Morel 0-0: SINGLE (Groundball, 56D, EV 102.5 MPH)
Aubrey Magee to second
Batting: LHB António Muńóz 0-0: Fielders Choice at 2nd, 1-6 (Groundball, P, EV 78.8 MPH)
Aubrey Magee to third
Batting: LHB Jang-lu Moy 0-0: Ball
1-0: Ball
2-0: Fielders Choice at 2nd, U6 (Groundball, 6M, EV 106.2 MPH)
Bottom of the 1st over - 0 runs, 1 hit, 0 errors, 2 left on base; Lake Minnetonka 0 - Squirrel Hill 0
TOP OF THE 2ND
Lake Minnetonka Love Boats batting - Pitching for Squirrel Hill Pierogis : LHP Fernando Alou
Batting: RHB León Murciano 0-0: Ball
1-0: Ball
2-0: Called Strike
2-1: Swinging Strike
2-2: Fly out, F8 (Flyball, 89M, EV 76.9 MPH)
Batting: RHB Luis Ávila 0-0: Ball
1-0: Ball
2-0: Called Strike
2-1: Ball
3-1: DOUBLE (Flyball, 8LXD, EV 98.1 MPH)
Batting: RHB Ding-bong Wang 0-0: Ground out 1-3 (Groundball, 13S, EV 70.0 MPH)
Luis Ávila to third
Batting: RHB Nicholas Khadjikyriakos 0-0: Called Strike
0-1: Ball
1-1: Ground out 5-3 (Groundball, 56, EV 86.2 MPH)
Top of the 2nd over - 0 runs, 1 hit, 0 errors, 1 left on base; Lake Minnetonka 0 - Squirrel Hill 0
BOTTOM OF THE 2ND
Squirrel Hill Pierogis batting - Pitching for Lake Minnetonka Love Boats : RHP Jonathan Klein
Batting: RHB Ryan McCarty 0-0: Bunted foul
0-1: Foul Ball, location: 2F
0-2: Foul Ball, location: 2F
0-2: Foul Ball, location: 2F
0-2: Strikes out swinging
Batting: RHB Ed Tinker 0-0: Called Strike
0-1: Ball
1-1: Called Strike
1-2: Foul Ball, location: 2F
1-2: Strikes out swinging
Batting: RHB David Ferris 0-0: Ball
1-0: Called Strike
1-1: Ground out 5-3 (Groundball, 56, EV 92.5 MPH)
Bottom of the 2nd over - 0 runs, 0 hits, 0 errors, 0 left on base; Lake Minnetonka 0 - Squirrel Hill 0
TOP OF THE 3RD
Lake Minnetonka Love Boats batting - Pitching for Squirrel Hill Pierogis : LHP Fernando Alou
Batting: LHB Bill Carney 0-0: Foul Ball, location: 2F
0-1: DOUBLE (Line Drive, 9LM, EV 107.5 MPH)
Batting: RHB Pablo Santos 0-0: Called Strike
0-1: Fly out, F8 (Line Drive, 8RD, EV 96.2 MPH)
Batting: RHB Mark Bakker 0-0: Called Strike
0-1: Ball
Passed Ball!
Bill Carney to third
1-1: SINGLE (Groundball, 56D, EV 94.4 MPH)
Bill Carney scores
Batting: RHB Hamid Rutu 0-0: Ball
1-0: Called Strike
1-1: Called Strike
1-2: Fly out, F8 (Flyball, 8LM, EV 88.8 MPH)
Batting: RHB Eisse van Barneveld 0-0: Called Strike
0-1: Ball
1-1: Ball
2-1: Fly out, F7 (Flyball, 7D, EV 93.1 MPH)
Top of the 3rd over - 1 run, 2 hits, 0 errors, 1 left on base; Lake Minnetonka 1 - Squirrel Hill 0
BOTTOM OF THE 3RD
Squirrel Hill Pierogis batting - Pitching for Lake Minnetonka Love Boats : RHP Jonathan Klein
Batting: RHB Si-xun Jin 0-0: Ball
1-0: Swinging Strike
1-1: Ball
2-1: Swinging Strike
2-2: Hit by Pitch
Batting: LHB Luis Escribano 0-0: Called Strike
0-1: Ball
1-1: DOUBLE (Line Drive, 9LM, EV 96.2 MPH)
Si-xun Jin to third
Runner from 3rd tries for Home, SAFE, no throw by RF
Batting: SHB Aubrey Magee 0-0: Ground out 5-3 (Groundball, 5, EV 104.4 MPH)
Batting: RHB Franck Morel 0-0: Ball
1-0: Swinging Strike
1-1: Ground out 1-3 (Groundball, 13, EV 80.0 MPH)
Luis Escribano to third
Batting: LHB António Muńóz 0-0: Ball
1-0: Called Strike
1-1: Fly out, F5 (Popup, 5SF, EV 83.8 MPH)
Bottom of the 3rd over - 1 run, 1 hit, 0 errors, 1 left on base; Lake Minnetonka 1 - Squirrel Hill 1
TOP OF THE 4TH
Lake Minnetonka Love Boats batting - Pitching for Squirrel Hill Pierogis : LHP Fernando Alou
Batting: RHB León Murciano 0-0: SINGLE (Groundball, 3S, EV 84.4 MPH) (infield hit)
Batting: RHB Luis Ávila 0-0: Called Strike
0-1: Ball
1-1: Fly out, F7 (Flyball, 7, EV 78.1 MPH)
Batting: RHB Ding-bong Wang 0-0: Grounds into double play, 6-4-3 (Groundball, 56, EV 101.9 MPH)
Top of the 4th over - 0 runs, 1 hit, 0 errors, 0 left on base; Lake Minnetonka 1 - Squirrel Hill 1
BOTTOM OF THE 4TH
Squirrel Hill Pierogis batting - Pitching for Lake Minnetonka Love Boats : RHP Jonathan Klein
Batting: LHB Jang-lu Moy 0-0: Foul Ball, location: 2F
0-1: Ball
1-1: Called Strike
1-2: Ball
2-2: Foul Ball, location: 2F
2-2: SINGLE (Groundball, 4MD, EV 105.0 MPH)
Batting: RHB Ryan McCarty 0-0: Ball
1-0: Ball
2-0: Ball
3-0: Called Strike
3-1: Base on Balls
Jang-lu Moy to second
Batting: RHB Ed Tinker 0-0: Ball
1-0: Ball
2-0: Foul Ball, location: 2F
2-1: Ball
3-1: Grounds into double play, 5-4-3 (Groundball, 56, EV 111.9 MPH)
Jang-lu Moy to third
Batting: RHB David Ferris 0-0: Ball
1-0: Foul Ball, location: 2F
1-1: Ball
2-1: Foul Ball, location: 2F
2-2: Foul Ball, location: 2F
2-2: Fly out, F8 (Line Drive, 8RD, EV 104.4 MPH)
Bottom of the 4th over - 0 runs, 1 hit, 0 errors, 1 left on base; Lake Minnetonka 1 - Squirrel Hill 1
TOP OF THE 5TH
Lake Minnetonka Love Boats batting - Pitching for Squirrel Hill Pierogis : LHP Fernando Alou
Batting: RHB Nicholas Khadjikyriakos 0-0: Ball
1-0: Swinging Strike
1-1: Foul Ball, location: 2F
1-2: Strikes out swinging
Batting: LHB Bill Carney 0-0: Foul Ball, location: 2F
0-1: Called Strike
0-2: Ball
1-2: Strikes out swinging
Batting: RHB Pablo Santos 0-0: Ball
1-0: Fly out, F7 (Flyball, 7LMF, EV 96.9 MPH)
Top of the 5th over - 0 runs, 0 hits, 0 errors, 0 left on base; Lake Minnetonka 1 - Squirrel Hill 1
BOTTOM OF THE 5TH
Squirrel Hill Pierogis batting - Pitching for Lake Minnetonka Love Boats : RHP Jonathan Klein
Batting: RHB Si-xun Jin 0-0: Called Strike
0-1: Foul Ball, location: 2F
0-2: Strikes out swinging
Batting: LHB Luis Escribano 0-0: Ball
1-0: Called Strike
1-1: Ball
2-1: Ball
3-1: Reached on error, E3 (Groundball, 3L, EV 82.5 MPH)
Batting: SHB Aubrey Magee 0-0: Ball
1-0: Called Strike
Luis Escribano steals 2nd, throwing error, E2
Luis Escribano to third
1-1: Fly out, F7 (Line Drive, 7, EV 98.8 MPH)
Runner from 3rd tags up, SCORES, throw by LF
Batting: RHB Franck Morel 0-0: Called Strike
0-1: SINGLE (Groundball, 4MD, EV 103.8 MPH)
Batting: LHB António Muńóz 0-0: Called Strike
0-1: SINGLE (Line Drive, 89M, EV 102.5 MPH)
Franck Morel to second
Batting: LHB Jang-lu Moy 0-0: Swinging Strike
0-1: Ball
1-1: Ball
2-1: SINGLE (Line Drive, 4M, EV 101.2 MPH)
Franck Morel to third
António Muńóz to second
Runner from 3rd tries for Home, SAFE, throw by CF to home
Batting: RHB Ryan McCarty 0-0: Foul Ball, location: 2F
0-1: Ball
1-1: Ball
2-1: Called Strike
2-2: Strikes out swinging
Bottom of the 5th over - 2 runs, 3 hits, 2 errors, 2 left on base; Lake Minnetonka 1 - Squirrel Hill 3
TOP OF THE 6TH
Lake Minnetonka Love Boats batting - Pitching for Squirrel Hill Pierogis : LHP Fernando Alou
Batting: RHB Mark Bakker 0-0: Called Strike
0-1: Ball
1-1: Ball
2-1: Ground out 5-3 (Groundball, 5L, EV 84.4 MPH)
Batting: RHB Hamid Rutu 0-0: Foul Ball, location: 2F
0-1: Called Strike
0-2: Ball
1-2: Foul Ball, location: 2F
1-2: Ground out 6-3 (Groundball, 6S, EV 81.2 MPH)
Batting: RHB Eisse van Barneveld 0-0: Swinging Strike
0-1: Ground out 5-3 (Groundball, 5L, EV 84.4 MPH)
Top of the 6th over - 0 runs, 0 hits, 0 errors, 0 left on base; Lake Minnetonka 1 - Squirrel Hill 3
BOTTOM OF THE 6TH
Squirrel Hill Pierogis batting - Pitching for Lake Minnetonka Love Boats : RHP Jonathan Klein
Pitching: RHP Tim Eastham
Batting: RHB Ed Tinker 0-0: Ball
1-0: Called Strike
1-1: Called Strike
1-2: Foul Ball, location: 2F
1-2: Foul Ball, location: 2F
1-2: Ball
2-2: Foul Ball, location: 2F
2-2: Fly out, F8 (Flyball, 8LM, EV 83.1 MPH)
Batting: RHB David Ferris 0-0: Called Strike
0-1: Swinging Strike
0-2: Ball
1-2: Strikes out swinging
Batting: RHB Si-xun Jin 0-0: Ball
1-0: Ball
2-0: Ball
3-0: Called Strike
3-1: Foul Ball, location: 2F
3-2: Ground out 6-3 (Groundball, 6, EV 110.6 MPH)
Bottom of the 6th over - 0 runs, 0 hits, 0 errors, 0 left on base; Lake Minnetonka 1 - Squirrel Hill 3
TOP OF THE 7TH
Lake Minnetonka Love Boats batting - Pitching for Squirrel Hill Pierogis : LHP Fernando Alou
Batting: RHB León Murciano 0-0: Called Strike
0-1: Foul Ball, location: 2F
0-2: Ball
1-2: Foul Ball, location: 2F
1-2: Foul Ball, location: 2F
1-2: Ball
2-2: Ball
3-2: Fly out, F8 (Flyball, 8RD, EV 102.5 MPH)
Batting: RHB Luis Ávila 0-0: Foul Ball, location: 2F
0-1: Foul Ball, location: 2F
0-2: Ball
1-2: Ground out 5-3 (Groundball, 56S, EV 66.2 MPH)
Batting: RHB Ding-bong Wang 0-0: Ball
1-0: Ball
2-0: Ball
3-0: Base on Balls
Batting: RHB Nicholas Khadjikyriakos 0-0: Ball
Ding-bong Wang is caught stealing 2nd base 2-4
Top of the 7th over - 0 runs, 0 hits, 0 errors, 0 left on base; Lake Minnetonka 1 - Squirrel Hill 3
BOTTOM OF THE 7TH
Squirrel Hill Pierogis batting - Pitching for Lake Minnetonka Love Boats : RHP Tim Eastham
Batting: LHB Luis Escribano 0-0: Ball
1-0: Called Strike
1-1: Ball
2-1: Fly out, F8 (Flyball, 89M, EV 93.8 MPH)
Batting: SHB Aubrey Magee 0-0: Called Strike
0-1: Fly out, F8 (Line Drive, 8RD, EV 93.1 MPH)
Batting: RHB Franck Morel 0-0: Called Strike
0-1: Foul Ball, location: 2F
0-2: Ball
1-2: Strikes out swinging
Bottom of the 7th over - 0 runs, 0 hits, 0 errors, 0 left on base; Lake Minnetonka 1 - Squirrel Hill 3
TOP OF THE 8TH
Lake Minnetonka Love Boats batting - Pitching for Squirrel Hill Pierogis : LHP Fernando Alou
Pitching: RHP Edward Swetnam
Batting: RHB Nicholas Khadjikyriakos 0-0: Ball
1-0: Foul Ball, location: 2F
1-1: Ball
2-1: Foul Ball, location: 2F
2-2: Ball
3-2: Foul Ball, location: 2F
3-2: Foul Ball, location: 2F
3-2: Strikes out looking
Batting: LHB Bill Carney 0-0: Called Strike
0-1: Fly out, F7 (Line Drive, 7, EV 90.6 MPH)
Batting: RHB Pablo Santos 0-0: Ball
1-0: Ball
2-0: Ball
3-0: Base on Balls
Batting: RHB Mark Bakker 0-0: Ball
1-0: SINGLE (Line Drive, 56D, EV 107.5 MPH)
Pablo Santos to second
Pinch Hitting: SHB Spencer Maddox 0-0: Ball
1-0: Called Strike
1-1: Fielders Choice at 2nd, U4 (Groundball, 4M, EV 85.0 MPH)
Top of the 8th over - 0 runs, 1 hit, 0 errors, 2 left on base; Lake Minnetonka 1 - Squirrel Hill 3
BOTTOM OF THE 8TH
Squirrel Hill Pierogis batting - Pitching for Lake Minnetonka Love Boats : RHP Tim Eastham
Now at 1B: Francisco Obando
Batting: LHB António Muńóz 0-0: Called Strike
0-1: Foul Ball, location: 2F
0-2: Ball
1-2: SOLO HOME RUN (Flyball, 89XD, EV 96.9 MPH), Distance : 413 ft
Batting: LHB Jang-lu Moy 0-0: Ground out 6-3 (Groundball, 6, EV 106.2 MPH)
Batting: RHB Ryan McCarty 0-0: Fly out, F1 (Line Drive, P, EV 63.8 MPH)
Batting: RHB Ed Tinker 0-0: Called Strike
0-1: Ball
1-1: Ball
2-1: Ball
3-1: Base on Balls
Batting: RHB David Ferris 0-0: Called Strike
0-1: Ball
1-1: SINGLE (Groundball, 4MD, EV 98.1 MPH)
Ed Tinker to second
Runner from 2nd tries for 3rd, SAFE, throw by CF made to third
Pitching: RHP Jayden Fairhead
Batting: RHB Si-xun Jin 0-0: Ball
1-0: Swinging Strike
1-1: Foul Ball, location: 2F
1-2: Strikes out swinging
Bottom of the 8th over - 1 run, 2 hits, 0 errors, 2 left on base; Lake Minnetonka 1 - Squirrel Hill 4
TOP OF THE 9TH
Lake Minnetonka Love Boats batting - Pitching for Squirrel Hill Pierogis : RHP Edward Swetnam
Pitching: LHP Robert Erickson
Batting: RHB Eisse van Barneveld 0-0: Called Strike
0-1: Called Strike
0-2: Ball
1-2: Ball
2-2: Ground out 6-3 (Groundball, 6S, EV 85.0 MPH)
Batting: RHB León Murciano 0-0: Ball
1-0: Ball
2-0: Called Strike
2-1: Called Strike
2-2: Ball
3-2: Foul Ball, location: 2F
3-2: Foul Ball, location: 2F
3-2: Fly out, F9 (Flyball, 9S, EV 85.0 MPH)
Batting: RHB Luis Ávila 0-0: Ball
1-0: Ball
2-0: Fly out, F9 (Flyball, 9S, EV 84.4 MPH)
Top of the 9th over - 0 runs, 0 hits, 0 errors, 0 left on base; Lake Minnetonka 1 - Squirrel Hill 4
Friday, March 26th, 2021 - OOTP Baseball 20.8 Build 74